TOP OF THE 1ST |
San Francisco Bandits batting - Pitching for Pocatello Boccabellas : RHP Jaime Espinoza
|
Pitching: RHP Jaime Espinoza
|
|
Batting: RHB Pete Rideout
|
0-0: Ground out 5-3 (Groundball, 56)
|
Batting: LHB John Peterson
|
0-0: Foul Ball, location: 2F 0-1: Swinging Strike 0-2: Ball 1-2: Foul Ball, location: 2F 1-2: Ball 2-2: Ground out 4-3 (Groundball, 4)
|
Batting: RHB Michael Elliott
|
0-0: Called Strike 0-1: Ball 1-1: TRIPLE (Flyball, 78XD)
|
Batting: RHB Cory Foster
|
0-0: Ball 1-0: Foul Ball, location: 2F 1-1: Swinging Strike 1-2: Ball 2-2: Ball 3-2: Ground out 6-3 (Groundball, 6)
|
Top of the 1st over - 0 run(s), 1 hit(s), 0 error(s), 1 left on base; San Francisco 0 - Pocatello 0 |
BOTTOM OF THE 1ST |
Pocatello Boccabellas batting - Pitching for San Francisco Bandits : RHP Álex Rodríguez
|
Pitching: RHP Álex Rodríguez
|
|
Batting: RHB José Delgado
|
0-0: Ball 1-0: Foul Ball, location: 2F 1-1: Ball 2-1: Ground out 6-3 (Groundball, 6M)
|
Batting: RHB Marlon Phipps
|
0-0: Called Strike 0-1: Ball 1-1: Called Strike 1-2: Strikes out swinging
|
Batting: LHB Juan Cortés
|
0-0: Foul Ball, location: 2F 0-1: Ball 1-1: Ball 2-1: Fly out, F7 (Flyball, 7M)
|
Bottom of the 1st over - 0 run(s), 0 hit(s), 0 error(s), 0 left on base; San Francisco 0 - Pocatello 0 |
TOP OF THE 2ND |
San Francisco Bandits batting - Pitching for Pocatello Boccabellas : RHP Jaime Espinoza
|
Batting: LHB Francisco Calderón
|
0-0: Ball 1-0: Foul Ball, location: 2F 1-1: Foul Ball, location: 2F 1-2: Ground out 6-3 (Groundball, 6M)
|
Batting: SHB Vicente Ricks
|
0-0: Ground out U3 (Groundball, 3S)
|
Batting: LHB Charles-Antoine Champagne
|
0-0: Fly out, F6 (Popup, 56D)
|
Top of the 2nd over - 0 run(s), 0 hit(s), 0 error(s), 0 left on base; San Francisco 0 - Pocatello 0 |
BOTTOM OF THE 2ND |
Pocatello Boccabellas batting - Pitching for San Francisco Bandits : RHP Álex Rodríguez
|
Batting: RHB Francisco Sandoval
|
0-0: Called Strike 0-1: Foul Ball, location: 2F 0-2: Ball 1-2: Strikes out swinging
|
Batting: LHB Norberto Muñóz
|
0-0: Ball 1-0: Ball 2-0: Ball 3-0: Base on Balls
|
Batting: RHB Sugita Ito
|
0-0: Ball 1-0: Ball 2-0: Ball 3-0: Base on Balls Norberto Muñóz to second
|
Batting: LHB David Monahan
|
0-0: Fly out, F9 (Flyball, 9M)
|
Batting: RHB Pete Harvey
|
0-0: Foul Ball, location: 2F 0-1: Called Strike 0-2: Ball 1-2: Ball 2-2: Fly out, F9 (Flyball, 9D)
|
Bottom of the 2nd over - 0 run(s), 0 hit(s), 0 error(s), 2 left on base; San Francisco 0 - Pocatello 0 |
TOP OF THE 3RD |
San Francisco Bandits batting - Pitching for Pocatello Boccabellas : RHP Jaime Espinoza
|
Batting: RHB Jorge Díaz
|
0-0: Ball 1-0: SINGLE (Groundball, 6MD)
|
Batting: RHB Culley Douglas
|
0-0: Ball 1-0: Ball 2-0: Ball 3-0: Reached on error, E5 (Groundball, 56) Jorge Díaz to second
|
Batting: RHB Pete Rideout
|
0-0: Called Strike 0-1: Ball 1-1: Foul Ball, location: 2F 1-2: Ball 2-2: Ground out 5-3 (Groundball, 56S) Jorge Díaz to third Culley Douglas to second
|
Batting: LHB John Peterson
|
0-0: Ball 1-0: Ball Wild Pitch! Jorge Díaz scores Culley Douglas to third 2-0: Called Strike 2-1: SINGLE (Line Drive, 4MD) Culley Douglas scores
|
Batting: RHB Michael Elliott
|
0-0: Ball 1-0: Ball 2-0: Swinging Strike 2-1: Foul Ball, location: 2F 2-2: Ball 3-2: SINGLE (Line Drive, 6D) John Peterson to second John Peterson to third
|
Batting: RHB Cory Foster
|
0-0: Ball 1-0: Called Strike 1-1: Fielders Choice at 2nd, 1-4 (Groundball, 13)
|
Batting: LHB Francisco Calderón
|
0-0: Ball 1-0: Called Strike 1-1: Ball 2-1: Ball 3-1: Foul Ball, location: 2F 3-2: DOUBLE (Flyball, 8RXD) John Peterson scores Cory Foster to third Cory Foster scores
|
Batting: SHB Vicente Ricks
|
0-0: Ground out 4-3 (Groundball, 4)
|
Top of the 3rd over - 4 run(s), 4 hit(s), 1 error(s), 1 left on base; San Francisco 4 - Pocatello 0 |
BOTTOM OF THE 3RD |
Pocatello Boccabellas batting - Pitching for San Francisco Bandits : RHP Álex Rodríguez
|
Batting: RHB Teddy Bates
|
0-0: SINGLE (Flyball, 7LS)
|
Batting: RHB José Delgado
|
0-0: Foul Ball, location: 2F 0-1: Swinging Strike 0-2: Ball 1-2: Foul Ball, location: 2F 1-2: Hit by Pitch Teddy Bates to second
|
Batting: RHB Marlon Phipps
|
0-0: Grounds into double play, U6-3 (Groundball, 6) Teddy Bates to third
|
Batting: LHB Juan Cortés
|
0-0: Foul Ball, location: 2F 0-1: Reached on error, E6 (Groundball, 6) Teddy Bates scores
|
Batting: RHB Francisco Sandoval
|
0-0: Called Strike 0-1: Ball 1-1: Swinging Strike 1-2: SINGLE (Groundball, 34D) Juan Cortés to second Runner from 2nd tries for 3rd, SAFE, throw made to third
|
Batting: LHB Norberto Muñóz
|
0-0: Called Strike 0-1: Ball 1-1: Ball 2-1: Ball 3-1: Called Strike 3-2: 3-RUN HOME RUN (Flyball, 9LD), Distance : 365 ft
|
Batting: RHB Sugita Ito
|
0-0: Ball 1-0: Ball 2-0: Called Strike 2-1: Ground out 6-3 (Groundball, 6)
|
Bottom of the 3rd over - 4 run(s), 3 hit(s), 1 error(s), 0 left on base; San Francisco 4 - Pocatello 4 |
TOP OF THE 4TH |
San Francisco Bandits batting - Pitching for Pocatello Boccabellas : RHP Jaime Espinoza
|
Batting: LHB Charles-Antoine Champagne
|
0-0: SOLO HOME RUN (Flyball, 9D), Distance : 405 ft
|
Batting: RHB Jorge Díaz
|
0-0: Called Strike 0-1: Swinging Strike 0-2: SINGLE (Groundball, 6M)
|
Batting: RHB Culley Douglas
|
0-0: Called Strike 0-1: Ball 1-1: Ball 2-1: Foul Ball, location: 2F 2-2: Ball 3-2: Foul Ball, location: 2F 3-2: Foul Ball, location: 2F 3-2: SINGLE (Line Drive, 8LS) Jorge Díaz to second
|
Batting: RHB Pete Rideout
|
0-0: Called Strike 0-1: Ball 1-1: Ball 2-1: DOUBLE (Flyball, 78XD) Jorge Díaz scores Culley Douglas to third
|
Batting: LHB John Peterson
|
0-0: Foul Ball, location: 2F 0-1: Foul Ball, location: 2F 0-2: Ball 1-2: Ball 2-2: Foul Ball, location: 2F 2-2: Foul Ball, location: 2F 2-2: Foul Ball, location: 2F 2-2: Foul Ball, location: 2F 2-2: Ball Wild Pitch! Culley Douglas scores Pete Rideout to third 3-2: Foul Ball, location: 2F 3-2: Foul Ball, location: 2F 3-2: DOUBLE (Line Drive, 3L) Pete Rideout scores
|
Pitching: LHP Mario Tobías
|
|
Batting: RHB Michael Elliott
|
0-0: Ball 1-0: SINGLE (Line Drive, 7S) John Peterson to third
|
Batting: RHB Cory Foster
|
0-0: Ball 1-0: Called Strike 1-1: Called Strike 1-2: Ball 2-2: Strikes out swinging
|
Batting: LHB Francisco Calderón
|
0-0: Fly out, F8 (Line Drive, 8LS)
|
Batting: SHB Vicente Ricks
|
0-0: Called Strike 0-1: Swinging Strike 0-2: Strikes out looking
|
Top of the 4th over - 4 run(s), 6 hit(s), 0 error(s), 2 left on base; San Francisco 8 - Pocatello 4 |
BOTTOM OF THE 4TH |
Pocatello Boccabellas batting - Pitching for San Francisco Bandits : RHP Álex Rodríguez
|
Batting: LHB David Monahan
|
0-0: Ball 1-0: Ball 2-0: Ball 3-0: Called Strike 3-1: Foul Ball, location: 2F 3-2: Base on Balls
|
Batting: RHB Pete Harvey
|
0-0: Called Strike 0-1: Ball 1-1: Foul Ball, location: 2F 1-2: Ball 2-2: Strikes out looking
|
Batting: RHB Teddy Bates
|
0-0: Ball 1-0: Ball 2-0: Swinging Strike 2-1: Swinging Strike 2-2: Strikes out swinging
|
Batting: RHB José Delgado
|
0-0: Called Strike 0-1: Ball 1-1: Ball 2-1: Foul Ball, location: 2F 2-2: Ball 3-2: Base on Balls David Monahan to second
|
Batting: RHB Marlon Phipps
|
0-0: Swinging Strike 0-1: Ball 1-1: Foul Ball, location: 2F 1-2: Strikes out swinging
|
Bottom of the 4th over - 0 run(s), 0 hit(s), 0 error(s), 2 left on base; San Francisco 8 - Pocatello 4 |
TOP OF THE 5TH |
San Francisco Bandits batting - Pitching for Pocatello Boccabellas : LHP Mario Tobías
|
Batting: LHB Charles-Antoine Champagne
|
0-0: Ball 1-0: Swinging Strike 1-1: Ball 2-1: Foul Ball, location: 2F 2-2: Strikes out swinging
|
Batting: RHB Jorge Díaz
|
0-0: SINGLE (Groundball, 56D)
|
Batting: RHB Culley Douglas
|
0-0: Ball 1-0: Ball 2-0: Grounds into double play, 5-4-3 (Groundball, 56)
|
Top of the 5th over - 0 run(s), 1 hit(s), 0 error(s), 0 left on base; San Francisco 8 - Pocatello 4 |
BOTTOM OF THE 5TH |
Pocatello Boccabellas batting - Pitching for San Francisco Bandits : RHP Álex Rodríguez
|
Batting: LHB Juan Cortés
|
0-0: Ball 1-0: Called Strike 1-1: SOLO HOME RUN (Line Drive, 9LD), Distance : 397 ft
|
Batting: RHB Francisco Sandoval
|
0-0: Ball 1-0: Ball 2-0: Called Strike 2-1: Swinging Strike 2-2: Ball 3-2: Base on Balls
|
Pitching: RHP José Rivera
|
|
Batting: LHB Norberto Muñóz
|
0-0: Ball 1-0: Swinging Strike 1-1: Swinging Strike 1-2: Foul Ball, location: 2F 1-2: Ball 2-2: Fielders Choice at 2nd, 1-6 (Groundball, 13S)
|
Batting: RHB Sugita Ito
|
0-0: Called Strike 0-1: SINGLE (Flyball, 89S) Norberto Muñóz to second Runner from 2nd tries for 3rd, SAFE, throw made to third Sugita Ito to second
|
Batting: LHB David Monahan
|
0-0: Called Strike 0-1: Ball 1-1: Ground out 3-1 (Groundball, 34) Norberto Muñóz scores Sugita Ito to third
|
Batting: RHB Pete Harvey
|
0-0: Called Strike 0-1: Swinging Strike 0-2: Ball 1-2: Strikes out swinging
|
Bottom of the 5th over - 2 run(s), 2 hit(s), 0 error(s), 1 left on base; San Francisco 8 - Pocatello 6 |
TOP OF THE 6TH |
San Francisco Bandits batting - Pitching for Pocatello Boccabellas : LHP Mario Tobías
|
Batting: RHB Pete Rideout
|
0-0: Ball 1-0: SINGLE (Groundball, 56) (infield hit)
|
Batting: LHB John Peterson
|
0-0: Foul Ball, location: 2F 0-1: SINGLE (Line Drive, 3L) Pete Rideout to second Runner from 2nd tries for 3rd, SAFE, throw made to third
|
Batting: RHB Michael Elliott
|
0-0: Called Strike 0-1: Ball 1-1: Ball 2-1: Foul Ball, location: 2F 2-2: Fly out, F8 (Flyball, 89D) Runner from 3rd tags up, SCORES, no throw
|
Batting: RHB Cory Foster
|
0-0: Called Strike 0-1: Foul Ball, location: 2F 0-2: Ball 1-2: Foul Ball, location: 2F 1-2: Foul Ball, location: 2F 1-2: Ball 2-2: Ball 3-2: Strikes out looking
|
Batting: LHB Francisco Calderón
|
0-0: Ball Pickoff Throw to First - Out!
|
Top of the 6th over - 1 run(s), 2 hit(s), 0 error(s), 0 left on base; San Francisco 9 - Pocatello 6 |
BOTTOM OF THE 6TH |
Pocatello Boccabellas batting - Pitching for San Francisco Bandits : RHP José Rivera
|
Batting: RHB Teddy Bates
|
0-0: Ball 1-0: Ball 2-0: Called Strike 2-1: Ball 3-1: DOUBLE (Flyball, 9LM)
|
Batting: RHB José Delgado
|
0-0: Ball 1-0: Ball 2-0: Fly out, F8 (Flyball, 8RXD) Runner from 2nd tags up, SAFE at 3rd, no throw
|
Batting: RHB Marlon Phipps
|
0-0: Called Strike 0-1: Ball 1-1: Ball 2-1: Ball 3-1: Called Strike 3-2: Strikes out swinging
|
Batting: LHB Juan Cortés
|
0-0: Swinging Strike 0-1: Ball 1-1: Swinging Strike 1-2: Ball 2-2: Foul Ball, location: 2F 2-2: SINGLE (Line Drive, 4MD) Teddy Bates scores
|
Batting: RHB Francisco Sandoval
|
0-0: Ball 1-0: Called Strike 1-1: Ball 2-1: Ball 3-1: Foul Ball, location: 2F 3-2: Strikes out looking
|
Bottom of the 6th over - 1 run(s), 2 hit(s), 0 error(s), 1 left on base; San Francisco 9 - Pocatello 7 |
TOP OF THE 7TH |
San Francisco Bandits batting - Pitching for Pocatello Boccabellas : LHP Mario Tobías
|
Batting: LHB Francisco Calderón
|
0-0: Ball 1-0: Foul Ball, location: 2F 1-1: Called Strike 1-2: Ball 2-2: Fly out, F8 (Flyball, 8LD)
|
Pitching: RHP Bill Lowe
|
|
Batting: SHB Vicente Ricks
|
0-0: Ground out 4-3 (Groundball, 34)
|
Batting: LHB Charles-Antoine Champagne
|
0-0: Called Strike 0-1: Ball 1-1: Swinging Strike 1-2: Ball 2-2: Foul Ball, location: 2F 2-2: Foul Ball, location: 2F 2-2: Ball 3-2: Ground out 4-3 (Groundball, 4)
|
Top of the 7th over - 0 run(s), 0 hit(s), 0 error(s), 0 left on base; San Francisco 9 - Pocatello 7 |
BOTTOM OF THE 7TH |
Pocatello Boccabellas batting - Pitching for San Francisco Bandits : RHP José Rivera
|
Pitching: RHP Carlos Ruíz
|
|
Batting: LHB Norberto Muñóz
|
0-0: DOUBLE (Groundball, 3L)
|
Batting: RHB Sugita Ito
|
0-0: 2-RUN HOME RUN (Flyball, 78D), Distance : 402 ft
|
Batting: LHB David Monahan
|
0-0: Ball 1-0: Ball 2-0: Foul Ball, location: 2F 2-1: SINGLE (Groundball, 15S) (infield hit)
|
Pinch Hitting: RHB Keith Kirkpatrick
|
0-0: Ball 1-0: Bunted foul 1-1: Sac Bunt - play at first, batter OUT! 5-4 David Monahan to second
|
Batting: RHB Teddy Bates
|
0-0: Ball 1-0: Ball 2-0: Fly out, F8 (Flyball, 8RD)
|
Batting: RHB José Delgado
|
0-0: Ball 1-0: Ball 2-0: Ground out 6-3 (Groundball, 6MS)
|
Bottom of the 7th over - 2 run(s), 3 hit(s), 0 error(s), 1 left on base; San Francisco 9 - Pocatello 9 |
TOP OF THE 8TH |
San Francisco Bandits batting - Pitching for Pocatello Boccabellas : RHP Bill Lowe
|
Now at SS: Jesús Ramírez
|
|
Batting: RHB Jorge Díaz
|
0-0: Foul Ball, location: 2F 0-1: Foul Ball, location: 2F 0-2: Ball 1-2: Strikes out looking
|
Batting: RHB Culley Douglas
|
0-0: Ball 1-0: Foul Ball, location: 2F 1-1: Foul Ball, location: 2F 1-2: Ball 2-2: Ball 3-2: Strikes out looking
|
Batting: RHB Pete Rideout
|
0-0: Foul Ball, location: 2F 0-1: DOUBLE (Flyball, 8LXD)
|
Batting: LHB John Peterson
|
0-0: Foul Ball, location: 2F 0-1: Called Strike 0-2: Ball 1-2: DOUBLE (Line Drive, 9LS) Pete Rideout scores
|
Pinch Hitting: LHB Germán Rivas
|
0-0: Ball 1-0: Foul Ball, location: 2F 1-1: Ball 2-1: Ball 3-1: Foul Ball, location: 2F 3-2: Foul Ball, location: 2F 3-2: SINGLE (Groundball, 34D) John Peterson to third John Peterson scores
|
Batting: RHB Cory Foster
|
0-0: Swinging Strike 0-1: Ball 1-1: Ground out 4-3 (Groundball, 4MS)
|
Top of the 8th over - 2 run(s), 3 hit(s), 0 error(s), 1 left on base; San Francisco 11 - Pocatello 9 |
BOTTOM OF THE 8TH |
Pocatello Boccabellas batting - Pitching for San Francisco Bandits : RHP Carlos Ruíz
|
Pitching: RHP Pedro Castillo
|
|
Now in LF: Germán Rivas
|
|
Batting: RHB Marlon Phipps
|
0-0: Called Strike 0-1: Ball 1-1: Foul Ball, location: 2F 1-2: Ball 2-2: Ball 3-2: SINGLE (Groundball, 56)
|
Batting: LHB Juan Cortés
|
0-0: Ground out U3 (Groundball, 3S) Marlon Phipps to second
|
Batting: RHB Francisco Sandoval
|
0-0: Ball 1-0: Called Strike 1-1: Foul Ball, location: 2F 1-2: SINGLE (Groundball, 56) Marlon Phipps to third
|
Batting: LHB Norberto Muñóz
|
0-0: Foul Ball, location: 2F 0-1: Swinging Strike 0-2: Ball 1-2: Fly out, F8 (Flyball, 8LM) Runner from 3rd tags up, SCORES, throw made
|
Pitching: RHP Mal Park
|
|
Batting: RHB Sugita Ito
|
0-0: Ball 1-0: Ground out 3-1 (Groundball, 34)
|
Bottom of the 8th over - 1 run(s), 2 hit(s), 0 error(s), 1 left on base; San Francisco 11 - Pocatello 10 |
TOP OF THE 9TH |
San Francisco Bandits batting - Pitching for Pocatello Boccabellas : RHP Bill Lowe
|
Pitching: RHP Adrián Martínez
|
|
Batting: LHB Francisco Calderón
|
0-0: Ground out 4-3 (Groundball, 4)
|
Batting: SHB Vicente Ricks
|
0-0: Reached on error, E4 (Groundball, 4)
|
Batting: LHB Charles-Antoine Champagne
|
0-0: Called Strike 0-1: 2-RUN HOME RUN (Flyball, 9D), Distance : 393 ft
|
Batting: RHB Jorge Díaz
|
0-0: Foul Ball, location: 2F 0-1: Ball 1-1: Fly out, F8 (Flyball, 8LD)
|
Batting: RHB Culley Douglas
|
0-0: Ball 1-0: Ball 2-0: Swinging Strike 2-1: Called Strike 2-2: Ball 3-2: Foul Ball, location: 2F 3-2: Base on Balls
|
Batting: RHB Pete Rideout
|
0-0: Ball 1-0: Foul Ball, location: 2F 1-1: Fly out, F8 (Flyball, 8LM)
|
Top of the 9th over - 2 run(s), 1 hit(s), 1 error(s), 1 left on base; San Francisco 13 - Pocatello 10 |
BOTTOM OF THE 9TH |
Pocatello Boccabellas batting - Pitching for San Francisco Bandits : RHP Mal Park
|
Batting: LHB David Monahan
|
0-0: DOUBLE (Line Drive, 9LM)
|
Batting: LHB Jesús Ramírez
|
0-0: Foul Ball, location: 2F 0-1: Ball 1-1: Ball 2-1: Ball 3-1: Foul Ball, location: 2F 3-2: Base on Balls
|
Batting: RHB Teddy Bates
|
0-0: Ball 1-0: Ball 2-0: Foul Ball, location: 2F 2-1: Ball 3-1: Called Strike 3-2: Foul Ball, location: 2F 3-2: Foul Ball, location: 2F 3-2: Base on Balls David Monahan to third Jesús Ramírez to second
|
Batting: RHB José Delgado
|
0-0: Called Strike 0-1: Called Strike 0-2: Ball 1-2: Ball 2-2: Foul Ball, location: 2F 2-2: Ball 3-2: Base on Balls David Monahan scores Jesús Ramírez to third Teddy Bates to second
|
Batting: RHB Marlon Phipps
|
0-0: Ball 1-0: Called Strike 1-1: Fly out, F7 (Flyball, 7LM) Runner from 3rd tags up, SCORES, throw made
|
Batting: LHB Juan Cortés
|
0-0: Called Strike 0-1: Ball 1-1: Ball 2-1: Ball 3-1: Base on Balls Teddy Bates to third José Delgado to second
|
Batting: RHB Francisco Sandoval
|
0-0: Grounds into fielders choice 6-2 (Groundball, 6) José Delgado to third Juan Cortés to second
|
Batting: LHB Norberto Muñóz
|
0-0: Ball 1-0: GRAND SLAM HOME RUN (Flyball, 8LXD), Distance : 460 ft
|
|